 Dungeon Crawl Stone Soup version 0.27.1-2-g3b301248ec (webtiles) character file.

Game seed: 14140082393448040332

45 vvl the Insei (level 3, 0/26 HPs)
             Began as a Demonspawn Transmuter on Sept 29, 2021.
             Succumbed to a scorpion's poison
             ... on level 2 of the Dungeon.
             The game lasted 00:03:58 (2013 turns).

vvl the Insei (Demonspawn Transmuter)               Turns: 2013, Time: 00:03:59

Health: 0/26       AC:  2    Str: 11    XL:     3   Next: 42%
Magic:  6/6        EV: 12    Int: 14    God:
Gold:   47         SH:  0    Dex: 13    Spells: 5/6 levels left

rFire    . . .     SeeInvis .     - Unarmed
rCold    . . .     Faith    .   (no shield)
rNeg     . . .     Spirit   .   a - +0 robe
rPois    .         Reflect  .   (helmet currently unavailable)
rElec    .         Harm     .   (no cloak)
rCorr    .         Rampage  .   (no gloves)
Will     .....                  (boots currently unavailable)
Stlth    +.........             (no amulet)
HPRegen  0.08/turn              (no ring)
MPRegen  0.10/turn              (no ring)

@: lethally poisoned (0 -> -14), appendages (expiring)
A: horns 2, hooves 1, ignite blood 1
a: End Transformation


You were on level 2 of the Dungeon.
You had temporarily grown beastly horns.
You visited 1 branch of the dungeon, and saw 2 of its levels.

You collected 47 gold pieces.

Inventory:

Armour
 a - a +0 robe (worn)
Magical Staves
 c - a staff of conjuration
Scrolls
 b - 2 scrolls of identify {unknown}
 e - a scroll of immolation {unknown}
Potions
 d - a potion of berserk rage {unknown}
 f - a potion of haste {unknown}


   Skills:
 + Level 1.3 Fighting
 + Level 2.0 Dodging
 * Level 3.1 Unarmed Combat
 + Level 2.1 Spellcasting
 + Level 0.1 Conjurations
 * Level 2.4 Transmutations
 + Level 0.2 Evocations


You had 5 spell levels left.
You knew the following spells:

 Your Spells              Type           Power      Damage    Failure   Level
a - Beastly Appendage     Tmut           16%        N/A       9%          1

Your spell library contained the following spells:

 Spells                   Type           Power      Damage    Failure   Level
 Wereblood                Tmut           8%         N/A       13%         2
 Spider Form              Tmut/Pois      2%         N/A       38%         3
 Ice Form                 Ice/Tmut       4%         N/A       80%         4


Dungeon Overview and Level Annotations

Branches:
Dungeon (2/15)

Altars:


Innate Abilities, Weirdness & Mutations

You have temporarily grown beastly horns.
You have large cloven feet.
Your demonic aura sometimes causes spilled blood to erupt in flames.


Message History

The goblin is moderately wounded.
Your horns disappear.
The goblin closely misses you.
You hit the goblin.
You kill the goblin!
No target in view!
No target in view!
No target in view!
A scorpion comes into view.
You grow a pair of large bovine horns.
Things that are here:
a +0 dagger; a goblin corpse A goblin comes into view.
It is wielding a +0 club.
The goblin shouts!
The goblin moves out of view.
You barely miss the scorpion. Your kick misses the scorpion.
The scorpion barely misses you.
You closely miss the scorpion. The scorpion stings you.
You barely miss the scorpion. Your headbutt misses the scorpion.
The scorpion barely misses you.
You hit the scorpion. You kick the scorpion.
The scorpion is lightly wounded.
The scorpion closely misses you. The scorpion stings you!
You are too injured to fight recklessly!
You are too injured to fight recklessly!
You hit the scorpion.
The scorpion is moderately wounded.
The scorpion closely misses you.
You hit the scorpion. Your headbutt misses the scorpion.
The scorpion is severely wounded.
Your transformation is almost over.
The goblin misses you. The scorpion stings you.
You hit the scorpion. Your kick misses the scorpion.
Your headbutt misses the scorpion.
The scorpion is severely wounded.
The goblin barely misses you. The scorpion stings you!
* * * LOW HITPOINT WARNING * * *
You are lethally poisoned!
The scorpion poisons you!
You die...

#.######.####
##.# #.#.. ..#..
.# #.#.# ....#
###.#.##.....###
#.†............
#..##.##.....##
#.... #.#
.....## ..#....
#.###g......
..#.... #..@.s#
PP#...# #####.#
..#... .# P.###.
.# .# .# .. ..


You could see a scorpion and a goblin.

Vanquished Creatures
  A worm (D:2)
  A dart slug (D:1)
  3 ball pythons
  4 bats
  4 endoplasms
  5 goblins
  3 hobgoblins (D:1)
  2 jackals (D:1)
  4 frilled lizards (D:1)
  4 kobolds (D:1)
  8 rats
39 creatures vanquished.

Vanquished Creatures (others)
  5 toadstools (D:1)
5 creatures vanquished.

Grand Total: 44 creatures vanquished

Notes
Turn   | Place    | Note
-------+----------+-------------------------------------------
     0 | D:1      | vvl the Demonspawn Transmuter began the quest for the Orb.
     0 | D:1      | Reached XP level 1. HP: 15/15 MP: 3/3
   387 | D:1      | Lost mutation: You have razor-sharp toenails. [demonic
                  | ancestry]
   387 | D:1      | Lost mutation: You have sharp toenails. [demonic ancestry]
   387 | D:1      | Gained mutation: You have large cloven feet. [demonic
                  | ancestry]
   387 | D:1      | Reached XP level 2. HP: 7/21 MP: 3/5
   814 | D:1      | Reached skill level 3 in Unarmed Combat
  1066 | D:1      | Gained mutation: Your demonic aura sometimes causes spilled
                  | blood to erupt in flames. [demonic ancestry]
  1066 | D:1      | Reached XP level 3. HP: 20/26 MP: 6/6
  2002 | D:2      | Noticed a scorpion
  2013 | D:2      | Succumbed to a scorpion's poison

Illustrated notes

Levels and vault maps discovered:
D:1:      ldierk_walled_garden, layout_basic
D:2:      layout_loops_cross, hellmonk_ecumenical_altar_inner_sanctum,
          serial_aquarium, aquarium_bridge_long_separate
          [aquarium_subvault_bridge, aquarium_subvault_bridge,
          aquarium_subvault_bridge, aquarium_subvault_wall,
          aquarium_subvault_window, aquarium_subvault_bridge],
          aquarium_bridge_island_small [aquarium_subvault_small_water,
          aquarium_subvault_bridge, aquarium_subvault_window,
          aquarium_subvault_window, aquarium_subvault_window],
          aquarium_window_fake, aquarium_window_1, aquarium_window_1,
          aquarium_window_1, aquarium_view_2d, aquarium_balcony_5a

Skill      XL: |  1  2 |
---------------+-------+-----
Transmutations | 2 |  2.4
Dodging        | 2 |  2.0
Unarmed Combat | 3 |  3.1
Fighting       | |  1.3
Spellcasting   | |  2.1
Conjurations   | |  0.1
Evocations     | |  0.2

Action                   || total
-------------------------++-------
Melee: Unarmed           ||   107
       Kick              ||    32
       Headbutt          ||     8
 Cast: Beastly Appendage ||    23
Armor: Robe              ||    13
Dodge: Dodged            ||    62
